Cogmind - Beta 17 *** ADVENTURER MODE // 2026.06.29 @ 13:37:46 Player: ginkogruen Result: Destroyed by L-31 Rogue with Katana Performance ------------- Evolutions (1) 500 Regions Visited (2) 400 Robots Destroyed (20) 100 Value Destroyed (561) 561 Prototype IDs (1) 20 Alien Tech Used (0) 0 Bonus (0) 0 TOTAL SCORE: 1581 Bonus ------- None Cogmind --------- Core Integrity 0/400 Matter 300/300 Energy 100/100 System Corruption 0% Temperature Cool (0) Movement Core (1350) Ox26 Location -9/Materials Parts ------- > --- POWER (2) -------- (None) > --- PROPULSION (3) --- (None) > --- UTILITY (2) ------ Huge Storage Unit > --- WEAPON (2) ------- (None) > --- INVENTORY (25) --- Ion Engine Ion Engine Ion Engine Light Treads Light Treads Light Treads Aluminum Leg Aluminum Leg Aluminum Leg Small Storage Unit Small Storage Unit Small Battery (100) Small Matter Pod (50) Structural Scanner Signal Interpreter Signal Interpreter Core Shielding Core Shielding EM Pulse Gun Beam Rifle Mining Laser Plasma Cutter Peak State ------------ > --- POWER ------------ Ion Engine Backup Power I > --- PROPULSION ------- Aluminum Leg Wheel Compact Wheel > --- UTILITY ---------- Huge Storage Unit ECM Suite > --- WEAPON ----------- EM Pulse Gun Improved EM Shotgun > --- INVENTORY -------- Ion Engine Ion Engine Ion Engine Light Treads Light Treads Aluminum Leg Aluminum Leg Aluminum Leg Small Storage Unit Small Storage Unit Small Battery Small Matter Pod Structural Scanner Signal Interpreter Signal Interpreter Core Shielding Core Shielding EM Pulse Gun Light Assault Rifle Mining Laser Plasma Cutter [Rating: 13] Favorites ----------- Power Ion Engine Engine Ion Engine Propulsion Compact Wheel Leg Aluminum Leg Wheel Compact Wheel Utility Huge Storage Unit Device ECM Suite Storage Huge Storage Unit Weapon EM Pulse Gun Energy Gun EM Pulse Gun Ballistic Gun Light Assault Rifle Special Weapon Mining Laser Build | -11 -10 -9 ------- Run | Yrd Mat Mat Slots Evolved 2 | . . 2 Power 1 | . . 1 Propulsion 1 | . . 1 Utility . | . . . Weapon . | . . . Parts Attached 17 | 7 6 4 Power 1 | 1 . . Engine 1 | 1 . . Core . | . . . Reactor . | . . . Propulsion 5 | 2 . 3 Treads . | . . . Leg 3 | . . 3 Wheel 2 | 2 . . Hover . | . . . Flight . | . . . Utility 5 | 2 3 . Device 2 | . 2 . Storage 3 | 2 1 . Processor . | . . . Hackware . | . . . Protection . | . . . Artifact . | . . . Weapon 6 | 2 3 1 Energy Gun 3 | 1 1 1 Energy Cannon . | . . . Ballistic Gun 1 | 1 . . Ballistic Cannon . | . . . Launcher . | . . . Special Weapon 2 | . 2 . Impact Weapon . | . . . Slashing Weapon . | . . . Piercing Weapon . | . . . Special Melee Weapon . | . . . Unidentified Prototypes 1 | . . 1 Parts Lost 8 | . 2 6 Power 2 | . . 2 Propulsion 2 | . . 2 Utility 1 | . 1 . Weapon 3 | . 1 2 Highest Loss Streak 4 | . 1 4 To Critical Strikes . | . . . Average Backups 15 | 3 13 21 Power 2 | 1 1 3 Propulsion 4 | 1 4 5 Utility 6 | . 5 8 Weapon 2 | . 1 2 Tool/Special . | . . . Unused Backups 16 | . . 16 Power 3 | . . 3 Propulsion 4 | . . 4 Utility 7 | . . 7 Weapon 1 | . . 1 Tool/Special 1 | . . 1 Average Slot Usage (%) 92 | . 98 85 Engine 16 | . 14 19 Leg 2 | . . 5 Wheel 23 | . 28 17 Device 10 | . 10 10 Storage 13 | . 15 11 Energy Gun 16 | . 12 20 Ballistic Gun 5 | . 9 . Special Weapon 3 | . 6 . Peak Build Rating 13 | 7 8 13 Average Rating 8 | 4 7 11 On Entrance 5 | . 7 8 Avg Prop Armor Cover (%) 7 | . . 7 Naked Turns . | . . . Heaviest Build 93 | 18 93 93 Greatest Support 26 | 26 26 26 Greatest Overweight (x) 29 | 2 3 29 Average Overweight (x) 2 | . 2 3 Largest Inventory Capacity 25 | 8 25 25 Average Capacity 22 | 5 23 25 Most Carried 24 | 6 19 24 Average Carried 15 | 3 13 21 Final Capacity 25 | 8 25 25 Final Carried 22 | 6 19 22 Class Distribution -------------------- 100% | Mutant Dominant Class ---------------- Mutant | -10/Materials Mutant | -9/Materials Resources | -11 -10 -9 ----------- Run | Yrd Mat Mat Matter Collected 399 | 272 127 . Remotely . | . . . Salvage Created 766 | 85 210 471 Parts 40 | 1 14 25 Haulers Intercepted . | . . . Recyclers Shooed 1 | . . 1 Parts Field Recycled . | . . . Retrieved Matter . | . . . Parts Self-Destructed . | . . . Prevented . | . . . Parts Restored . | . . . Kills | -11 -10 -9 ------- Run | Yrd Mat Mat Combat Hostiles Destroyed 16 | . 7 9 Guns 13 | . 5 8 AOE 3 | . 2 1 Classes Destroyed 7 | 1 3 3 Worker 1 | . 1 . Recycler 1 | 1 . . Watcher 2 | . . 2 Swarmer 3 | . 2 1 Grunt 10 | . 5 5 Brawler 1 | . . 1 Sentry 2 | . . 2 Best Kill Streak 3 | 1 3 3 Combat Bots Only 3 | . 3 3 Max Kills in Single Turn 2 | 1 2 2 Gunslinging 1 | . 1 . Exploded 2 | . 2 1 Melee . | . . . Uniques/NPCs Destroyed . | . . . Combat | -11 -10 -9 -------- Run | Yrd Mat Mat Hostile Shots Fired 124 | . 43 81 Missed 39 | . 16 23 Hits 85 | . 27 58 Melee 12 | . . 12 Projectile 73 | . 27 46 Critical Strikes 7 | . . 7 Damage Taken 1002 | . 249 753 Core 465 | . 44 421 Absorbed by Shields . | . . . Ignored by Resistances 296 | . 76 220 Core Remaining (%) 91 | 100 82 . Volleys Fired 53 | 2 23 28 Largest 2 | 2 2 2 Hottest 120 | 60 120 85 Shots Fired 76 | 4 31 41 Gun 72 | 4 27 41 Cannon . | . . . Launcher . | . . . Special 4 | . 4 . Kinetic 19 | 2 17 . Thermal 4 | . 4 . Explosive . | . . . Electromagnetic 53 | 2 10 41 Robot Hit Streak 19 | 3 9 19 Robot Miss Streak 2 | . 2 1 Penetration Max . | . . . Secondary Targets 1 | . 1 . Max Gunslinging Chain 1 | . 1 . Shots Hit Robots 63 | 3 24 36 Core Hits 35 | 2 13 20 Critical Kills . | . . . Critical Parts Destroyed . | . . . Critical Strikes . | . . . Melee Attacks . | . . . Impact . | . . . Slashing . | . . . Piercing . | . . . Sneak Attacks . | . . . Combat Hostiles . | . . . Follow-up Attacks . | . . . Damage Inflicted 999 | 35 323 641 Guns 813 | 35 199 579 Cannons . | . . . Explosions 114 | . 52 62 Melee . | . . . Ramming . | . . . Kinetic 94 | 8 86 . Thermal 186 | . 124 62 Explosive . | . . . Electromagnetic 719 | 27 113 579 Impact . | . . . Slashing . | . . . Piercing . | . . . Highest Corruption . | . . . Average Corruption . | . . . Corruption Purged . | . . . Corruption Blocked . | . . . Overload Shots . | . . . Overflow Damage . | . . . Projectiles . | . . . Explosions . | . . . Melee . | . . . Knockbacks . | . . . Impact . | . . . Kinetic . | . . . Secondary . | . . . Self-Inflicted Damage 28 | . . 28 Shots 1 | . . 1 Rammed . | . . . Targets Rammed . | . . . Kicked . | . . . Crushed . | . . . Highest Temperature 174 | 20 174 110 Average Temperature 44 | 15 60 35 Received Heat Transfer 426 | . 162 264 Siege Activations . | . . . Martial Activations . | . . . Shielding Activations . | . . . Robots Disrupted . | . . . Combat Hostiles . | . . . Robots Corrupted . | . . . Combat Hostiles . | . . . Parts Fried 4 | . . 4 Impact Corruptions . | . . . Robots Melted . | . . . Combat Hostiles . | . . . Parts Melted . | . . . Heat Transferred 200 | . 150 50 Parts Sabotaged . | . . . Parts Stolen . | . . . Parts Stripped . | . . . Power Chain Reactions 2 | . 1 1 Alert | -11 -10 -9 ------- Run | Yrd Mat Mat Maximum Alert Level . | . . . Low Security (%) 100 | 100 100 100 Level 1 . | . . . Level 2 . | . . . Level 3 . | . . . Level 4 . | . . . Level 5 . | . . . High Security . | . . . Max Security . | . . . Peak Influence 114 | 5 70 114 Initial . | . . . Average 13 | . 11 17 Influence Increases 492 | 5 213 274 Destroy 0b10 Robot/C 320 | . 140 180 Destroy 0b10 Robot/NC 20 | 5 5 10 Destroy Leader 84 | . 30 54 Successful Hack 12 | . 4 8 Destroy Structure 11 | . 4 7 Lose Combat Pursuer 45 | . 30 15 Influence Decreases 433 | 5 213 215 Time Decay 373 | 5 203 165 Lost Part 60 | . 10 50 Squads Dispatched 3 | . 1 2 Investigation 2 | . 1 1 Extermination . | . . . Reinforcement 1 | . . 1 Assault . | . . . Garrison . | . . . Intercept . | . . . Searches Triggered . | . . . Construction Impeded . | . . . Haulers Reinforced . | . . . Active Scanning Responses . | . . . Cargo Convoy Interrupts . | . . . Stealth | -11 -10 -9 --------- Run | Yrd Mat Mat Distress Signals 3 | . 1 2 Communications Jammed . | . . . Distress Signals . | . . . Times Spotted 34 | . 11 23 Peak Tracking Total 5 | . 3 5 Tactical Retreats 8 | . 2 6 ECM-based Alert Blocks 11 | . 2 9 Traps | -11 -10 -9 ------- Run | Yrd Mat Mat Traps Triggered 1 | . 1 . Indirectly . | . . . Trap Hack Attempts . | . . . Triggered . | . . . Disarmed . | . . . Reprogrammed . | . . . Reused . | . . . Traps Extracted . | . . . Installed . | . . . Triggered . | . . . Machines | -11 -10 -9 ---------- Run | Yrd Mat Mat Machines Disabled . | . . . Max in Single Turn . | . . . Machines Repaired . | . . . Machines Dismantled . | . . . Machines Sabotaged . | . . . Overloaded Fab Kills . | . . . Hacking | -11 -10 -9 --------- Run | Yrd Mat Mat Machines Accessed 9 | . 5 4 Terminals 6 | . 4 2 Fabricators . | . . . Repair Stations 2 | . 1 1 Recycling Units 1 | . . 1 Scanalyzers . | . . . Garrison Access . | . . . Total Hacks 26 | . 12 14 Successful 17 | . 7 10 Failed 9 | . 5 4 Catastrophic 1 | . 1 . Database Lockouts . | . . . Manual 3 | . 3 . Terminals 18 | . 11 7 Fabricators . | . . . Repair Stations 3 | . 1 2 Recycling Units 5 | . . 5 Scanalyzers . | . . . Garrison Access . | . . . Terminal Hacks 10 | . 7 3 Record 4 | . 4 . Emergency Access Points 1 | . 1 . Alert Level 1 | . 1 . Locate Traps 1 | . 1 . Dispatch Records 1 | . . 1 Transport Status 1 | . . 1 Registered Prototypes 1 | . . 1 Fabricator Hacks . | . . . Repair Station Hacks 2 | . . 2 Scan Component 1 | . . 1 Refit 1 | . . 1 Recycling Unit Hacks 5 | . . 5 Recycle Component 2 | . . 2 Process 2 | . . 2 Retrieve Matter 1 | . . 1 Scanalyzer . | . . . Garrison Access Hacks . | . . . Unauthorized Hacks . | . . . Terminals . | . . . Fabricators . | . . . Repair Stations . | . . . Recycling Units . | . . . Scanalyzers . | . . . Garrison Access . | . . . Data Cores Recovered . | . . . Used . | . . . Hacking Detections 6 | . 3 3 Full Trace Events 2 | . . 2 Feedback Events . | . . . Feedback Blocked . | . . . Robot Schematics Acquired . | . . . Robots Built . | . . . Authchips . | . . . Time . | . . . Total Robot Build Rating . | . . . Part Schematics Acquired . | . . . Parts Built . | . . . Authchips . | . . . Time . | . . . Total Part Build Rating . | . . . Part Studies Acquired . | . . . Parts Repaired . | . . . Time . | . . . Parts Recycled 2 | . . 2 Recycled Matter 251 | . . 251 Retrieved Matter 251 | . . 251 Retrieved Components . | . . . Parts Scanalyzed . | . . . Part Schematics Acquired . | . . . Parts Damaged . | . . . Bothacking | -11 -10 -9 ------------ Run | Yrd Mat Mat Used RIF Installer . | . . . Robots Hacked . | . . . Non-combat . | . . . Combat . | . . . Robot Hacks Applied . | . . . Relay Couplers Released . | . . . Fabnet Peak Effective % . | . . . Robots Rewired . | . . . Allies Hacked . | . . . Hacks Repelled . | . . . Allies | -11 -10 -9 -------- Run | Yrd Mat Mat Total Allies . | . . . Largest Group . | . . . Highest-Rated Group . | . . . Highest-Rated Ally . | . . . Total Orders . | . . . Ally Attacks . | . . . Total Damage . | . . . Kills . | . . . Allies Corrupted . | . . . Allies Melted . | . . . Intel | -11 -10 -9 ------- Run | Yrd Mat Mat Active Infowar (turns) 1457 | . 749 708 Sensors 401 | . 401 . ECM 1056 | . 348 708 Robot Analysis Total . | . . . Derelict Logs Recovered . | . . . Drone Launches . | . . . Drone Recoveries . | . . . Exploration | -11 -10 -9 ------------- Run | Yrd Mat Mat Turns Passed 1849 | 138 974 737 Spaces Moved 1231 | 141 684 406 Core 61 | 57 . 4 Treads . | . . . Legs . | . . . Wheels 1170 | 84 684 402 Hover . | . . . Flight . | . . . Fastest Speed 50 | 50 90 135 Average Speed 131 | 79 129 153 Slowest Speed 1500 | 150 135 1500 Overloaded Moves . | . . . Propulsion Burnouts . | . . . Robots Hopped . | . . . Potential Cave-ins . | . . . Cave-ins Triggered . | . . . Exploration Rate (%) 34 | 4 69 31 Regions Visited 2 Branch Regions . Pre-discovered Areas . | . . . Known Exits Taken . | . . . Unknown Exits Taken 2 | 1 1 . Scrap Searched . | . . . Spaces Dug . | . . . Terrain Destroyed 10 | . 3 7 Melee . | . . . Projectile . | . . . AOE 10 | . 3 7 Terrain Rammed . | . . . Walls Destroyed . | . . . Machines Disabled . | . . . Actions | -11 -10 -9 --------- Run | Yrd Mat Mat Total 1378 | 164 731 483 Wait 40 | . 3 37 Move 1229 | 140 683 406 Hop . | . . . Pick Up 34 | 14 15 5 Fast Attach . | . . . Attach 10 | 7 2 1 Detach 1 | . . 1 Swap 10 | . 5 5 Drop 1 | 1 . . Fire 53 | 2 23 28 Melee . | . . . Ram . | . . . Kick . | . . . Crush . | . . . Escape Stasis . | . . . Rewire . | . . . Trap . | . . . Miscellaneous . | . . . Route ------- -11/Scrapyard -10/Materials (discovered 3 exits: *Mat x2 / [*Sub]) -9/Materials History --------- Turn | Location | Event 27 | -11/Scrapyard | Discovered new exit (range 16) 139 | -11/Scrapyard | Entered Materials 140 | -10/Materials | Met a group of wandering Federalists 318 | -10/Materials | Build established: Mutant 747 | -10/Materials | Discovered new exit (range 9) 839 | -10/Materials | Discovered new exit (range 13) 990 | -10/Materials | Discovered new exit (range 15) 1113 | -10/Materials | Entered another Materials area 1113 | -9/Materials | Evolved 2 slots: Power x1, Propulsion x1 1830 | -9/Materials | Core integrity fell below 50% 1844 | -9/Materials | Core integrity fell below 20% 1850 | -9/Materials | Lost 4 parts (1p1n2w) 1850 | -9/Materials | Destroyed by L-31 Rogue with Katana Last Messages --------------- 01781_ U-05 Engineer lays Concrete. 01783_ K-01 Serf collects debris. 01784_ O-16 Technician distress signal alerts nearby ally. 01784_ O-16 Technician: "IFF HANDSHAKE FAILED. SECURING TERMINAL." 01790_ B-36 Bruiser destroyed. 01791_ ALERT: Hostiles spotted, dispatching reinforcements to Terminal M007. 01801_ Com. Wheel destroyed. 01804_ G-34 Mercenary misfires. 01807_ R-06 Scavenger collects Lgt. Treads. 01809_ K-01 Serf cleans the Material Processor. 01810_ G-34 Mercenary IFF system glitched. 01811_ R-06 Scavenger collects Rnf. Ion Engine. 01812_ Imp. EM Shotgun destroyed. 01813_ K-01 Serf collects debris. 01819_ EM Pulse Gun destroyed. 01819_ Backup Power I destroyed. 01821_ ECM Suite severed. Map ----- +----------------------------------------------------+ | | | | | | | | | | | ????????????????????########?????????????????????? | | ????????????????????# """ #?????????????????????? | | ????????????????????# "T" ##????????????????????? | | ????????????????????# #????????????????????? | | ????????????????????# #?????????????????????? | | ????????????????????# #?????????????????????? | | ????????????????????# [[ #?????????????????????? | | ????????????????????###/####?????????????????????? | | ????????????##/####### %!##??????????????????????? | | ????????????# #??????????????????????? | | ????????????# ##### #??????????????????????? | | ????????????# #???## % ##??????????????????????? | | ????????????# #????# #???????????????????????? | | ????????????# #????##%##???????????????????????? | | ????????????# #######+###??????????????????????? | | ????????????# # #??????????????????????? | | ????????????# # #??????????????????????? | | ????????????# # """ #??????????????????????? | | ????????????# # """""% #??????????????????????? | | ????????????# + """"" #??????????? ""????????? | | ????????????# # """"" @###### ""????????? | | ????????????# # """ rulg ?????? | | ????## #### # g ###### % ?????? | | ########### #??????###????????? | | =% % #"" #?????????????????? | | ######### #"Y% #?????????????????? | | ? ###############?# """ # #"" #?????????????????? | | ??????????????????# "R" + + #?????????????????? | | ??????????????????# " " # # #?????????????????? | | ??????????????????# # # #?????????????????? | | ??????????????????# # # #?????????????????? | | ??????????????????# # # #?????????????????? | | ???? ???????????# # ####/#?????????????????? | | ??? ??????????####### #??# #?????????????????? | | ???" ???????????????# #??# #?????????????????? | | ???" ???????????????# #??# #?????????????????? | | ??"" ###+############ #### ###???????????????? | | ?? ## ????????? | | ??? ## ########???????????????? | | ????? ##/#####??????????????????? | | ???????# """ # "T" #??????????????????? | | ???????# """ # #??????????????????? | | ???????# ^ """ # """ #??????????????????? | | ######## ^^!! % + """ #??????????????????? | | !! # """ #??????????????????? | +----------------------------------------------------+ Best States ------------- Heat Dissipation 28 Energy Generation 14 Energy Capacity 250 Matter Stores 300 Matter Capacity 300 Sight Range 16 Robot Scan Range 14 Terrain Scan Density 10 ECM Strength 1 Resistance: KI 20 Resistance: TH 20 Resistance: EX 20 Resistance: EM 20 Resistance: I 20 Resistance: S 20 Resistance: P 20 Evasion (%) 50 Offensive Hacking 10 Item Schematics ----------------- None Robot Schematics ------------------ None Fabricated ------------ Nothing Repaired ---------- Nothing Studied --------- None Alien Tech Used ----------------- None Achievements -------------- DATA ERROR: Steam Global Achievement% Fitting Room Organ Harvest There's More Where That Came From Challenges ------------ None Game ------ Seed TrackerShockboltExoskeleton Manual? 0 Play Time 00:37:40 Cumulative 6.3 hours Start 2026.06.29 @ 12:58:13 End 2026.06.29 @ 13:37:46 Sessions 1 Manual Loads 0 Difficulty Adventurer Special Mode None Game No. 12 Rogue 8 Adventurer 4 Explorer 0 Win Type - Total 0 Types 0/0/0/0/0/0/0/0/0/0 Lore% 4 Gallery% 7 Achievement% 7 Wizard Run 0 Options --------- Layout 1 ASCII 1 Keyboard 1 Movement Vi Keybinds 0 Fullscreen 1 Font 32/SmallcapsGlow Map View 50x35 Zoom Use 0% Tactical HUD 1 Map Filters NONE Filters NONE Steam 1 RUN: abc89504-7472-4950-9ee6-90c7e8e6ad32